AoeStats
← Smilie

Arabia

509701298Analyzed
1v1 RM · 6d ago on Sep 27, 2026· 37m 16s· 2 players
Game mode
Random Map
Map size
Tiny (2 player)
Population
200
Speed
Normal
Resources
Standard
Victory
Conquest
Starting age
Dark Age
Ending age
Imperial Age
RankedLock teamsTeams togetherTeam positionsShared explorationLock speedFull tech treeHidden civsTurbo modeCheats
Victory
Defeat
🇳🇱 Lithuanians · Netherlands
837
+36
🇧🇷 Mongols · Brazil
867
-17
Smilie
6:15 Loom
8:51 Feudal Age
9:41 Double-Bit Axe
9:41 Horse Collar
10:26 Horse Collar
17:15 Wheelbarrow
20:37 Castle Age
20:20 Bloodlines
20:49 Gold Mining
21:49 Forging
21:45 Scale Barding Armor
25:00 Hand Cart
27:17 Iron Casting
27:39 Husbandry
28:15 Chain Barding Armor
29:33 Elite Skirmisher
33:05 Padded Archer Armor
33:09 Stone Mining
36:55 Imperial Age
36:59 Cavalier
BARBARUIVA
7:40 Loom
10:02 Feudal Age
10:35 Double-Bit Axe
13:01 Man-at-Arms
13:37 Horse Collar
13:50 Gold Mining
21:26 Castle Age
21:10 Bloodlines
22:10 Husbandry
26:57 Forging
26:51 Stone Mining
30:31 Bow Saw
30:58 Scale Barding Armor
31:43 Iron Casting
32:29 Heavy Plow
34:53 Chain Barding Armor
36:06 Wheelbarrow
37:12 Hand Cart
Connection lost

Rejoining the realm…

Still unreachable

The connection could not be restored.

Session expired

The server has moved on; the page needs a fresh start.